 Dungeon Crawl Stone Soup version 0.27.0-1-g7a089689b8 (webtiles) character file.

Game seed: 15087275308410931942

20 Descartes the Ducker (level 2, 0/12 HPs)
             Began as a Felid Transmuter on Aug 4, 2021.
             Slain by an orc (4 damage)
             ... on level 1 of the Dungeon.
             The game lasted 00:01:46 (1260 turns).

Descartes the Ducker (Felid Transmuter)             Turns: 1260, Time: 00:01:47

Health: 0/12       AC:  1    Str:  6    XL:     2   Next: 58%
Magic:  6/6        EV: 18    Int: 14    God:
Gold:   56         SH:  0    Dex: 16    Spells: 4/5 levels left
                                        Lives:  0   Deaths: 0

rFire    . . .     SeeInvis +     - Unarmed
rCold    . . .     Faith    .   (shield unavailable)
rNeg     . . .     Spirit   .   (armour unavailable)
rPois    .         Reflect  .   (helmet unavailable)
rElec    .         Harm     .   (cloak unavailable)
rCorr    .         Rampage  .   (gloves unavailable)
Will     .....                  (boots unavailable)
Stlth    +.........             (no amulet)
HPRegen  0.04/turn              (no ring)
MPRegen  0.10/turn              (no ring)

@: confused, quick
A: very small, claws 1, fangs 3, see invisible, speed 1, shaggy fur 1, stealthy
paws, no weapons or thrown items, no armour, multi-lived
a: no special abilities


You were on level 1 of the Dungeon.
You visited 1 branch of the dungeon, and saw 2 of its levels.

You collected 56 gold pieces.

Inventory:

Jewellery
 b - a ring of fire
Scrolls
 a - a scroll of acquirement {unknown}
 c - 2 scrolls of identify {unknown}
 d - 2 scrolls of teleportation {unknown}
Potions
 e - a potion of haste {unknown}


   Skills:
 - Level 1.0 Fighting
 + Level 3.6 Dodging
 + Level 2.3 Stealth
 - Level 3.0 Unarmed Combat
 - Level 2.0 Spellcasting
 - Level 2.1 Transmutations


You had 4 spell levels left.
You knew the following spells:

 Your Spells              Type           Power      Damage    Failure   Level
a - Beastly Appendage     Tmut           14%        N/A       10%         1

Your spell library contained the following spells:

 Spells                   Type           Power      Damage    Failure   Level
 Wereblood                Tmut           7%         N/A       14%         2
 Spider Form              Tmut/Pois      2%         N/A       41%         3
 Ice Form                 Ice/Tmut       4%         N/A       83%         4


Dungeon Overview and Level Annotations

Branches:
Dungeon (2/15)

Altars:


Innate Abilities, Weirdness & Mutations

You have sharp claws.
You have razor-sharp teeth.
You have supernaturally acute eyesight. (SInv)
You cover ground quickly. (Speed+)
You are covered in fur. (AC +1)
Your paws help you pounce on unaware monsters.
You are incapable of wielding weapons or throwing items.
You cannot wear armour.
You gain extra lives every three experience levels.


Message History

You closely miss the bat. The bat hits you.
You scratch the bat but do no damage. You bite the bat.
The bat is moderately wounded.
The bat completely misses you. The bat hits you. The bat barely misses you.
You closely miss the bat. You bite the bat.
You kill the bat!
No target in view!
Things that are here:
a +0 club; a ball python corpse; a goblin corpse
e - a fuming orange potion You see here a ball python corpse.
Things that are here:
a +0 club; a ball python corpse; a goblin corpse Done exploring.
Done exploring.
There is a stone staircase leading down here.
You climb downwards. 2 orcs and an orc wizard come into view.
The orc shouts!
The orc wizard shouts!
You hear a shout!
Found a club and a scroll labelled XAVUJA PERAGI.
There is a stone staircase leading up here.
A hobgoblin comes into view.
There is a stone staircase leading up here.
There are monsters nearby!
An orc comes into view. It is wielding a +0 club.
The hobgoblin shouts!
The orc wizard barely misses you. The orc closely misses you.
You climb upwards.
There is a stone staircase leading down here.
The orc wizard hits you with a +0 dagger.
You closely miss the orc wizard. Your bite misses the orc wizard.
The orc wizard points at you and mumbles some strange words.
You are confused.
The orc completely misses you.
You're too confused to move!
The orc wizard closely misses you. The orc hits you with a +0 club.
You bump into the rock wall.
The orc wizard barely misses you. The orc hits you with a +0 club.
You die...

...+.....#.##..###.######.#
...#..<..#.##.#.#.## #.#
...#######.##.##.## #.#
..#.....#####.##.# #.#
..............##.# #.#
################.# #.# # #.# #.#
########### #.# #.# #.........#
#@########.###
#.........#####oo.).(......#####
#........................#......
#.........######.........#######
#................#######.#
##.........######## #.#
...)†......# #.#######
##.........# #........
#.........# #########


You could see an orc wizard and an orc.

Vanquished Creatures
  2 ball pythons (D:1)
  3 endoplasms (D:1)
  A giant cockroach (D:1)
  A goblin (D:1)
  A hobgoblin (D:1)
  2 kobolds (D:1)
  A quokka (D:1)
  3 bats (D:1)
  3 rats (D:1)
17 creatures vanquished.

Notes
Turn   | Place    | Note
-------+----------+-------------------------------------------
     0 | D:1      | Descartes the Felid Transmuter began the quest for the Orb.
     0 | D:1      | Reached XP level 1. HP: 9/9 MP: 4/4
   265 | D:1      | Reached skill level 1 in Stealth
   515 | D:1      | Found a faded altar of an unknown god.
   644 | D:1      | Reached XP level 2. HP: 12/12 MP: 6/6
  1260 | D:1      | Slain by an orc

Illustrated notes

Levels and vault maps discovered:
D:1:      minmay_arrival_solitary_statue, layout_loops_ring,
          basic_ecumenical_altar
D:2:      layout_rooms

Skill      XL: |  1  2 |
---------------+-------+-----
Dodging        | 3 |  3.6
Stealth        | 1 2 |  2.3
Fighting       | |  1.0
Unarmed Combat | |  3.0
Spellcasting   | |  2.0
Transmutations | |  2.1

Action                   || total
-------------------------++-------
Melee: Unarmed           ||    48
       Bite              ||     5
 Stab: Sleeping          ||     1
Armor: Skin              ||     7
Dodge: Dodged            ||    54
